 Dungeon Crawl Stone Soup version 0.20.1-1-g8b1a95d (webtiles) character file.

84 Knicklaso the Poker (level 4, -1/24 HPs)
             Began as a Tengu Air Elementalist on July 18, 2017.
             Killed by divine providence
             ... invoked by an orc priest
              (14 damage)
             ... on level 3 of the Dungeon.
             The game lasted 00:11:37 (2364 turns).

Knicklaso the Poker (Tengu Air Elementalist)        Turns: 2364, Time: 00:11:38

Health: -1/24      AC:  2    Str: 10    XL:     4   Next: 46%
Magic:  8/8        EV: 12    Int: 15    God:
Gold:   193        SH:  0    Dex: 14    Spells: 6/7 levels left

rFire    . . .     SeeInvis .   d - +0 spear (pierce)
rCold    + . .     Gourm    .   (no shield)
rNeg     . . .     Faith    .   a - +0 robe
rPois    .         Spirit   .   (helmet restricted)
rElec    .         Reflect  .   (no cloak)
rCorr    .         Harm     .   (no gloves)
MR       .....                  (boots unavailable)
Stlth    ++........             (no amulet)
Regen    0.1/turn               l - ring of protection from cold
MPRegen  0.2/turn               (no ring)

@: no status effects
A: beak, talons 3
a: no special abilities


You were on level 3 of the Dungeon.
You were not hungry.

You visited 1 branch of the dungeon, and saw 3 of its levels.

You collected 193 gold pieces.

Inventory:

Hand Weapons
 d - a +0 spear of piercing (weapon)
Missiles
 f - 32 arrows
 i - 5 javelins (quivered)
Armour
 a - a +0 robe (worn)
Jewellery
 l - a ring of protection from cold (left hand)
Wands
 x - a wand of polymorph (11/24)
Scrolls
 m - 3 scrolls of identify {unknown}
 o - a scroll of fog {unknown}
 q - a scroll of recharging {unknown}
 t - a scroll of enchant armour {unknown}
 u - a scroll of fear {unknown}
Potions
 e - 3 potions of haste {unknown}
 j - 3 potions of agility {unknown}
 p - a potion of heal wounds {unknown}
 s - a potion of lignification {unknown}
 v - a potion of degeneration {unknown}
 w - a potion of mutation {unknown}
Books
 b - a book of Air

   Spells                             Type                      Level
   a - Shock                          Conjuration/Air              1
   b - Swiftness                      Charms/Air                   2
   c - Static Discharge               Conjuration/Air              3
   d - Airstrike                      Air                          4
   e - Lightning Bolt                 Conjuration/Air              5
 r - a book of Cantrips

   Spells                             Type                      Level
   a - Confusing Touch                Hexes                        1
   b - Animate Skeleton               Necromancy                   1
   c - Summon Small Mammal            Summoning                    1
   d - Apportation                    Translocation                1
Comestibles
 c - 3 bread rations
 g - 3 fruits
 h - 2 royal jellies
 k - 3 meat rations
 n - 5 chunks of flesh


   Skills:
 + Level 4.3 Polearms
 - Level 2.1 Dodging
 - Level 2.0 Stealth
 - Level 2.0 Spellcasting
 - Level 1.3 Conjurations
 - Level 4.0 Air Magic


You had 6 spell levels left.
You knew the following spells:

 Your Spells              Type           Power        Failure   Level  Hunger
a - Shock                 Conj/Air       #...         8%          1    #......


Dungeon Overview and Level Annotations

Branches:
Dungeon (3/15)

Altars:
Ru


Innate Abilities, Weirdness & Mutations

You have a beak for a mouth.
You have claws for feet.


Message History

w - a bubbling ruby potion Some of the chunks of flesh in your inventory have rotted away.
Found a stone staircase leading up.
There is an escape hatch in the ceiling here.
Found a meat ration.
x - a wand of polymorph (?/24)
Found a stone staircase leading down.
k - 3 meat rations (gained 1)
Found a long sword.
An orc comes into view. It is wielding a short sword.
An orc and an orc priest come into view.
An orc priest comes into view. It is wielding an enchanted flail.
The orc priest shouts!
An orc wizard comes into view. It is wielding a dagger.
The orc priest calls down the wrath of Beogh upon you.
Beogh smites you!
The orc priest invokes the aid of Beogh against you.
Beogh smites you!
Ouch! That really hurt!
You die...

..............#
..........###.#
..........#...###
....<..........>#
............###.########
..........##....#.......
(..........<.##.#.......
.######.##......#.......
+#### #.........@.......
....# ####......#.......
....# #....o.#.......
....# #......#.......
....# #......#.......
....# #..%..##..)....
.#########.....# .......
........##..o..# .......
........##..o..#


You could see an orc priest and an orc.

Vanquished Creatures
  2 adders
  3 worms
  A dart slug (D:2)
  A leopard gecko (D:1)
  4 orcs
  2 giant cockroaches
  8 goblins
  2 hobgoblins
  2 jackals (D:1)
  6 kobolds
  3 ball pythons
  6 bats
  8 frilled lizards
  3 rats
51 creatures vanquished.

Notes
Turn   | Place    | Note
-------+----------+-------------------------------------------
     0 | D:1      | Knicklaso the Tengu Air Elementalist began the quest for the Orb.
     0 | D:1      | Reached XP level 1. HP: 10/10 MP: 4/4
   229 | D:1      | Reached skill level 1 in Polearms
   259 | D:1      | Reached XP level 2. HP: 4/15 MP: 0/6
   846 | D:1      | Reached XP level 3. HP: 15/19 MP: 7/7
  1772 | D:2      | Reached XP level 4. HP: 20/24 MP: 5/8
  2040 | D:3      | Found a sacrificial altar of Ru.
  2364 | D:3      | Killed from afar by an orc priest

Skill      XL: |  1  2  3  4 |
---------------+-------------+-----
Polearms       | 1 2 3 4 |  4.3
Dodging        | |  2.1
Stealth        | |  2.0
Spellcasting   | |  2.0
Conjurations   | |  1.3
Air Magic      | |  4.0

Action                   |  1- 3 |  4- 6 || total
-------------------------+-------+-------++-------
Melee: Spear             |   131 |    26 ||   157
       Kick              |    13 |     2 ||    15
       Peck              |     7 |     1 ||     8
 Cast: Shock             |    12 |     4 ||    16
 Stab: Sleeping          |     4 |     3 ||     7
  Eat: Chunk             |     2 |     3 ||     5
Armor: Robe              |    13 |       ||    13
Dodge: Dodged            |    43 |     5 ||    48
